 Dungeon Crawl Stone Soup version 0.26-a0-652-gafc20e3620 (webtiles) character file.

Game seed: 9143832173802070627

3530 zhorgal the Destroyer (level 10, -2/73 HPs)
             Began as a Gnoll Conjurer on Oct 1, 2020.
             Was a Believer of Cheibriados.
             Slain by a basilisk (11 damage)
             ... on level 11 of the Dungeon.
             The game lasted 00:39:58 (11913 turns).

zhorgal the Destroyer (Gnoll Conjurer)             Turns: 11913, Time: 00:39:59

Health: -2/73      AC: 12    Str: 14    XL:     10   Next: 8%
Magic:  20/20      EV: 15    Int: 27    God:    Cheibriados [**....]
Gold:   572        SH:  0    Dex: 18    Spells: 9/23 levels left

rFire    . . .     SeeInvis .   N - +4 great sword
rCold    . . .     Faith    .   (shield currently unavailable)
rNeg     . . .     Spirit   .   Y - +4 ring mail
rPois    .         Reflect  .   (no helmet)
rElec    .         Harm     .   R - +0 cloak
rCorr    .         Rampage  .   S - +0 pair of gloves
MR       .....                  (no boots)
Stlth    +++.......             (no amulet)
HPRegen  0.22/turn              (no ring)
MPRegen  0.17/turn              (no ring)

@: very slow
A: distributed training, fangs 1, strong nose
a: Bend Time, Renounce Religion


You were on level 11 of the Dungeon.
You worshipped Cheibriados.
Cheibriados was pleased with you.
You visited 2 branches of the dungeon, and saw 12 of its levels.

You collected 572 gold pieces.

Inventory:

Hand Weapons
 a - a cursed +3 trident
 b - a +1 vorpal hunting sling
 d - a +1 hand axe of freezing
 j - a +1 hunting sling of freezing
 A - a +0 arbalest
 B - a +0 war axe
 G - a +0 shortbow
 N - a +4 great sword (weapon)
 O - a +0 trident
Missiles
 f - a throwing net (quivered) {!f}
 h - 496 stones
 k - 55 poisoned darts
 v - 9 boomerangs
 F - 99 bolts
 H - 70 arrows
 J - 8 curare-tipped darts
Armour
 g - a +0 plate armour
 n - a +1 robe
 o - a +0 chain mail
 w - a +0 scale mail
 R - a +0 cloak (worn)
 S - a +0 pair of gloves (worn)
 Y - a +4 ring mail (worn)
Magical Staves
 y - an uncursed staff of poison {unknown}
Jewellery
 u - a cursed ring of teleportation {unknown}
 D - an uncursed amulet of regeneration {unknown}
 E - an uncursed ring of flight {unknown}
 V - an uncursed amulet of reflection {unknown}
Wands
 L - a wand of flame (8)
 X - a wand of acid (5)
Scrolls
 c - 7 scrolls of identify
 e - 2 scrolls of enchant armour
 l - 3 scrolls of blinking
 m - a scroll of fog {unknown}
 q - a scroll of teleportation
 t - a scroll of immolation
 K - 2 scrolls of remove curse
 Q - a scroll of amnesia {unknown}
 W - a scroll of fear {unknown}
Potions
 i - 2 potions of flight
 p - 5 potions of might
 r - 2 potions of mutation {!q}
 s - a potion of stabbing
 x - 3 potions of magic
 z - 3 potions of curing
 I - 2 potions of brilliance
 M - 2 potions of resistance
 P - 2 potions of invisibility
 U - a potion of heal wounds
Miscellaneous
 Z - a box of beasts (3/3)


   Skills:
 + Level 4.9 Fighting
 + Level 4.9 Short Blades
 + Level 4.9 Long Blades
 + Level 4.9 Axes
 + Level 4.9 Maces & Flails
 + Level 4.9 Polearms
 + Level 4.9 Staves
 + Level 4.9 Slings
 + Level 4.9 Bows
 + Level 4.9 Crossbows
 + Level 4.9 Throwing
 + Level 4.9 Armour
 + Level 6.8 Dodging
 + Level 6.5 Stealth
 + Level 4.9 Shields
 + Level 4.9 Unarmed Combat
 + Level 7.1 Spellcasting
 + Level 8.3 Conjurations
 + Level 4.0 Hexes
 + Level 4.0 Summonings
 + Level 4.0 Necromancy
 + Level 4.0 Translocations
 + Level 4.0 Transmutations
 + Level 4.0 Fire Magic
 + Level 4.0 Ice Magic
 + Level 4.0 Air Magic
 + Level 4.0 Earth Magic
 + Level 4.0 Poison Magic
 + Level 5.4 Invocations
 + Level 4.9 Evocations


You had 9 spell levels left.
You knew the following spells:

 Your Spells              Type           Power        Failure   Level
a - Magic Dart            Conj           ####         1%          1
b - Searing Ray           Conj           ######       1%          2
c - Dazzling Flash        Conj/Hex       #####.       2%          3
d - Fulminant Prism       Conj/Hex       #####.....   9%          4
e - Iskenderun's Mystic   Conj/Tloc      #####...     9%          4

Your spell library contained the following spells:

 Spells                   Type           Power        Failure   Level


Dungeon Overview and Level Annotations

Branches:
Dungeon (11/15)            Temple (1/1) D:7            Lair (0/6) D:10
    Orc: D:9-12

Altars:
Ashenzari
Cheibriados
Dithmenos
Fedhas
Gozag
Hepliaklqana
Kikubaaqudgha
Makhleb
Okawaru
Qazlal
Sif Muna
Wu Jian
Xom
Yredelemnul
Zin

Shops:
D:10 *

Annotations:
D:7 2 transporters
D:9 exclusion: door


Innate Abilities, Weirdness & Mutations

Your experience applies equally to all skills.
You have very sharp teeth.
Your uncanny sense of smell can sniff out nearby items.


Message History

You kill the ice beast!
Cheibriados appreciates the change of pace.
You hit the basilisk. The basilisk bites you!
* * * LOW HITPOINT WARNING * * *
The basilisk bites you.
* * * LOW HITPOINT WARNING * * *
Unknown command.
Unknown command.
Unknown command.
Unknown command.
Unknown command.
Unknown command.
Unknown command.
Unknown command.
Unknown command.
Okay, then.
Aim: a basilisk (moderately wounded)
The bolt of acid misses the basilisk.
The basilisk misses you.
You hit the basilisk. The basilisk bites you!
You die...

##.....## #. #..##
##.......# .###.##
#...####.........
....... ......
+......... .....
#...# #......... ....
#...# ##.......#
#..##.#.# ##.....##
#..#..#.# ##..<##
#..l@...# ##'##
##.#†##†# #.#
#.#.##.# #.#
#......########)##
#............##...##.
#.##.#.......#......#
#. #.#.......##....##
#. #.#.......###.#.#
#...............#


You could see a basilisk.

Vanquished Creatures
  Prince Ribbit (D:7)
  A hippogriff (D:8)
  2 orc warriors
  2 phantoms
  A sky beast (D:8)
  A black bear (D:9)
  5 ice beasts
  2 centaurs
  A necrophage (D:10)
  2 ogres
  3 bullfrogs
  2 scorpions
  5 wights (D:10)
  6 killer bees
  A centaur zombie (D:9)
  2 bullfrog zombies
  A gnoll shaman (D:5)
  3 hounds
  A bullfrog skeleton (D:5)
  A jelly (D:7)
  An orc priest (D:10)
  Ijyb (D:3)
  2 iguanas
  7 worker ants
  2 orc wizards (D:11)
  2 hound zombies (D:7)
  3 gnolls (D:5)
  16 adders
  2 white imps
  An adder zombie (D:5)
  An adder skeleton (D:4)
  2 worms
  2 dart slugs (D:1)
  8 leopard geckos
  19 orcs
  2 giant cockroaches
  7 goblins
  6 hobgoblins
  17 jackals
  5 kobolds
  4 quokkas
  2 ball pythons
  14 bats
  11 frilled lizards
  A jackal skeleton (D:7)
  A quokka skeleton (D:6)
  7 rats
189 creatures vanquished.

Vanquished Creatures (others)
  An orc wizard (D:11)
  8 fulminant prisms
9 creatures vanquished.

Grand Total: 198 creatures vanquished

Notes
Turn   | Place    | Note
-------+----------+-------------------------------------------
     0 | D:1      | zhorgal the Gnoll Conjurer began the quest for the Orb.
     0 | D:1      | Reached XP level 1. HP: 13/13 MP: 6/6
   135 | D:1      | Reached XP level 2. HP: 10/19 MP: 1/7
   144 | D:1      | Learned a level 2 spell: Searing Ray
   790 | D:1      | Reached skill level 5 in Spellcasting
   790 | D:1      | Reached XP level 3. HP: 25/25 MP: 4/9
  1400 | D:2      | Reached skill level 1 in Invocations
  1484 | D:2      | Found a shadowy altar of Dithmenos.
  1605 | D:2      | Reached skill level 1 in Fighting
  1605 | D:2      | Reached skill level 1 in Short Blades
  1605 | D:2      | Reached skill level 1 in Long Blades
  1605 | D:2      | Reached skill level 1 in Axes
  1605 | D:2      | Reached skill level 1 in Maces & Flails
  1605 | D:2      | Reached skill level 1 in Polearms
  1605 | D:2      | Reached skill level 1 in Staves
  1605 | D:2      | Reached skill level 1 in Slings
  1605 | D:2      | Reached skill level 1 in Bows
  1605 | D:2      | Reached skill level 1 in Crossbows
  1605 | D:2      | Reached skill level 1 in Throwing
  1605 | D:2      | Reached skill level 1 in Armour
  1605 | D:2      | Reached skill level 1 in Shields
  1605 | D:2      | Reached skill level 1 in Unarmed Combat
  1605 | D:2      | Reached skill level 1 in Evocations
  1605 | D:2      | Reached XP level 4. HP: 32/32 MP: 4/11
  2004 | D:2      | Reached skill level 1 in Hexes
  2004 | D:2      | Reached skill level 1 in Summonings
  2004 | D:2      | Reached skill level 1 in Necromancy
  2004 | D:2      | Reached skill level 1 in Translocations
  2004 | D:2      | Reached skill level 1 in Transmutations
  2004 | D:2      | Reached skill level 1 in Fire Magic
  2004 | D:2      | Reached skill level 1 in Ice Magic
  2004 | D:2      | Reached skill level 1 in Air Magic
  2004 | D:2      | Reached skill level 1 in Earth Magic
  2004 | D:2      | Reached skill level 1 in Poison Magic
  2433 | D:2      | Learned a level 3 spell: Dazzling Flash
  2438 | D:2      | Learned a level 4 spell: Fulminant Prism
  2553 | D:3      | Noticed an orc warrior
  2768 | D:3      | Reached XP level 5. HP: 32/37 MP: 8/12
  3111 | D:3      | Killed an orc warrior
  3111 | D:3      | Reached XP level 6. HP: 44/44 MP: 1/13
  3412 | D:3      | Found a basalt altar of Yredelemnul.
  3553 | D:3      | Found an ornate altar of the Wu Jian Council.
  3612 | D:3      | Noticed Ijyb
  3663 | D:3      | Paralysed by Ijyb for 4 turns
  3673 | D:3      | Killed Ijyb
  3673 | D:3      | Reached skill level 5 in Dodging
  4457 | D:4      | Learned a level 4 spell: Iskenderun's Mystic Blast
  4882 | D:4      | Found a broken altar of Ashenzari.
  4923 | D:4      | Found a shimmering blue altar of Sif Muna.
  5107 | D:5      | Entered Level 5 of the Dungeon
  5251 | D:5      | Reached XP level 7. HP: 23/51 MP: 7/15
  5707 | D:5      | Found a shimmering altar of Xom.
  5707 | D:5      | Found an ancient bone altar of Kikubaaqudgha.
  5719 | D:5      | Found a blossoming altar of Fedhas.
  5721 | D:5      | Found a hazy altar of Hepliaklqana.
  5722 | D:5      | Found a burning altar of Makhleb.
  5837 | D:6      | Found an opulent altar of Gozag.
  5917 | D:6      | Reached skill level 5 in Stealth
  6232 | D:6      | Found a burning altar of Makhleb.
  6876 | D:6      | Reached XP level 8. HP: 55/57 MP: 16/16
  7240 | D:7      | Found a transporter.
  7351 | D:7      | Noticed Prince Ribbit
  7365 | D:7      | Killed Prince Ribbit
  7617 | D:7      | Found an iron altar of Okawaru.
  7900 | D:7      | Found a transporter.
  8052 | D:7      | Found a staircase to the Ecumenical Temple.
  8061 | Temple   | Entered the Ecumenical Temple
  8072 | Temple   | Became a worshipper of Cheibriados the Contemplative
  8658 | D:8      | Noticed a hippogriff
  8683 | D:8      | Killed a hippogriff
  8964 | D:8      | Reached XP level 9. HP: 65/65 MP: 13/18
  9103 | D:8      | Found a stormy altar of Qazlal.
  9605 | D:9      | Reached skill level 8 in Conjurations
  9655 | D:9      | Noticed a gargoyle
 10118 | D:9      | Reached * piety under Cheibriados
 10527 | D:9      | Found an opulent altar of Gozag.
 10607 | D:9      | Noticed an angel
 10608 | D:9      | Found a glowing silver altar of Zin.
 10876 | D:10     | Entered Level 10 of the Dungeon
 11298 | D:10     | Reached skill level 5 in Invocations
 11384 | D:10     | Found Rousoexi's General Store.
 11465 | D:10     | Found a staircase to the Lair.
 11654 | D:10     | Reached XP level 10. HP: 73/73 MP: 20/20
 11831 | D:11     | Reached ** piety under Cheibriados
 11913 | D:11     | Slain by a basilisk

Illustrated notes

Levels and vault maps discovered:
D:1:      zelgadis_glass_arrival_small, layout_basic, minmay_misc_feat_pillars,
          patterned_corridor
D:2:      layout_basic, lemuel_round_altar
D:3:      layout_basic, yredelemnul_altar_generic, marbit_many_paths, uniq_ijyb
D:4:      layout_basic, kennysheep_mini, led_sif_pool
D:5:      layout_rooms, chequers_temple_overflow_minitemple,
          lightli_corner_chamber
D:6:      layout_loops_corners, kennysheep_mini_moat, bloody_makhleb
D:7:      gammafunk_cloud_chamber, layout_basic, nicolae_overflow_hidden_temple,
          temple_hall, uniq_prince_ribbit1
D:8:      layout_loops_ring, old_standard_altar
D:9:      layout_stronghold, zin_angel, nicolae_gozag_seed_capital
D:10:     layout_roguey, lair_entry_dummy, serial_shops,
          nicolae_shop_temple_entry_statues_fountains
D:11:     layout_loops_corners, orc_0_dummy, minmay_misc_feat_tiny,
          grunt_qazlal_clouds
Temple:   nicolae_temple_figure_zero

Skill      XL: |  1  2  3  4  5  6  7  8  9 |
---------------+----------------------------+-----
Spellcasting   | 5 6 7 |  7.1
Invocations    | 1 2 3 4 5 |  5.4
Fighting       | 1 2 3 4 |  4.9
Short Blades   | 1 2 3 4 |  4.9
Long Blades    | 1 2 3 4 |  4.9
Axes           | 1 2 3 4 |  4.9
Maces & Flails | 1 2 3 4 |  4.9
Polearms       | 1 2 3 4 |  4.9
Staves         | 1 2 3 4 |  4.9
Slings         | 1 2 3 4 |  4.9
Bows           | 1 2 3 4 |  4.9
Crossbows      | 1 2 3 4 |  4.9
Throwing       | 1 2 3 4 |  4.9
Armour         | 1 2 3 4 |  4.9
Shields        | 1 2 3 4 |  4.9
Unarmed Combat | 1 2 3 4 |  4.9
Evocations     | 1 2 3 4 |  4.9
Hexes          | 1 2 3 4 |  4.0
Summonings     | 1 2 3 4 |  4.0
Necromancy     | 1 2 3 4 |  4.0
Translocations | 1 2 3 4 |  4.0
Transmutations | 1 2 3 4 |  4.0
Fire Magic     | 1 2 3 4 |  4.0
Ice Magic      | 1 2 3 4 |  4.0
Air Magic      | 1 2 3 4 |  4.0
Earth Magic    | 1 2 3 4 |  4.0
Poison Magic   | 1 2 3 4 |  4.0
Dodging        | 5 6 |  6.8
Stealth        | 5 6 |  6.5
Conjurations   | 8 |  8.3

Action                   |  1- 3 |  4- 6 |  7- 9 | 10-12 || total
-------------------------+-------+-------+-------+-------++-------
Melee: Spear             |    23 |    52 |       |       ||    75
       Bite              |     1 |     5 |     6 |     4 ||    16
       Flail             |       |    35 |    22 |       ||    57
       Punch             |       |     1 |       |       ||     1
       Great sword       |       |       |    32 |    25 ||    57
 Fire: Hunting sling     |       |       |     6 |       ||     6
 Cast: Magic Dart        |    57 |   107 |   147 |       ||   311
       Fulminant Prism   |       |     5 |     3 |       ||     8
       Searing Ray       |       |     5 |    34 |       ||    39
Evoke: Wand              |       |       |       |     1 ||     1
  Use: Scroll            |       |     9 |    12 |       ||    21
 Stab: Sleeping          |     1 |     4 |     1 |     2 ||     8
Armor: Robe              |     3 |    15 |    13 |       ||    31
       Ring mail         |       |       |    14 |    16 ||    30
Dodge: Dodged            |    22 |    86 |   103 |    25 ||   236
       Rpst.: Great sword |       |       |     5 |    10 ||    15

Table legend: (Time is in decaauts)
 A = Elapsed time spent in this place.
 B = Non-inter-level travel time spent in this place.
 C = Inter-level travel time spent in this place.
 D = Time resting spent in this place.
 E = Time spent auto-exploring this place.
 F = Levels seen in this place.
 G = Mean time per level.
                   A        B        C        D        E       F      G
               +--------+--------+--------+--------+--------+-----+--------+
         Total |  12716 |  12025 |    691 |    384 |   9546 |  12 | 1059.7 |
       Dungeon |  12691 |  12000 |    691 |    384 |   9546 |  11 | 1153.7 |
        Temple |     25 |     25 |      0 |      0 |      0 |   1 |   25.0 |
               +--------+--------+--------+--------+--------+-----+--------+

Top non-repeatable levels by time:
     D:9: 1795 daAuts
     D:1: 1488 daAuts
     D:3: 1473 daAuts
     D:8: 1364 daAuts
     D:2: 1308 daAuts
     D:6: 1281 daAuts
     D:7: 1105 daAuts
    D:10: 1089 daAuts
     D:4: 852 daAuts
     D:5: 738 daAuts
    D:11: 194 daAuts
  Temple: 25 daAuts
